 Dungeon Sprint DCSS version 0.29.1-2-gbd0b4ee654 (webtiles) character file.

Game seed: 11778203793315817289

13578 Zeld the Executioner (level 11, 0/92 HPs)
             Began as a Minotaur Berserker on Oct 24, 2022.
             Was the Champion of Trog.
             Slain by an unseen horror (7 damage)
             ... in the Dungeon (Sprint I: "Red Sonja").
             The game lasted 00:06:59 (4723 turns).

Zeld the Executioner (Minotaur Berserker)           Turns: 4723, Time: 00:06:59

Health: 0/92       AC: 12    Str: 21    XL:     11   Next: 77%
Magic:  2/2        EV: 17    Int:  0    God:    Trog [******]
Gold:   6          SH:  5    Dex: 11    Spells: 10/10 levels left

rFire   . . .      SeeInvis .   a - +6 executioner's axe (antimagic)
rCold   . . .      Faith    .   (shield currently unavailable)
rNeg    . . .      Spirit   .   b - +0 troll leather armour
rPois   .          Reflect  +   k - +2 hat
rElec   .          Harm     .   (no cloak)
rCorr   .          Rampage  .   m - +0 pair of gloves
Will    ++...      Rage     3%  o - +0 pair of boots
Stlth   +......... NoTele   +   t - amulet of reflection
HPRegen 2.05/turn               (no ring)
MPRegen 0.08/turn               (no ring)

@: strong-willed, on berserk cooldown, regenerating, slowed, lost intelligence,
unable to read, very slow
A: horns 2, retaliatory headbutt, berserk 1, deterioration 2, dopey 2, frail 2,
low MP 1, screaming 1, weak 2, inability to drink after injury 1
a: Renounce Religion, Berserk, Trog's Hand, Brothers in Arms


You were in the Dungeon.
You worshipped Trog.
Trog was exalted by your worship.
You visited 1 branch You collected 1271 gold pieces.
You spent 1265 gold pieces at shops.

Inventory:

Hand Weapons
 a - a +6 antimagic executioner's axe (weapon)
Armour
 b - a +0 troll leather armour (worn)
 k - a +2 hat (worn)
 m - a +0 pair of gloves (worn)
 o - a +0 pair of boots (worn)
Jewellery
 t - an amulet of reflection (around neck)
Wands
 i - a wand of flame (11)
Scrolls
 h - 2 scrolls of blinking
 j - 2 scrolls of identify {unknown}
 l - a scroll of silence {unknown}
 q - a scroll of acquirement {unknown}
Potions
 c - 9 potions of curing
 d - 3 potions of heal wounds
 e - 2 potions of haste
 f - 2 potions of magic
 g - a potion of berserk rage
 n - 2 potions of attraction {unknown}
 s - a potion of degeneration {unknown}
 u - a potion of flight
 v - a potion of cancellation
 w - a potion of resistance {unknown}
 x - a potion of might {unknown}
Miscellaneous
 p - a condenser vane
 r - a box of beasts


   Skills:
 + Level 16.4 Fighting
 * Level 22.1 Axes
 + Level 16.2 Armour
 + Level 14.9 Dodging


You had 10 spell levels left.
You didn't know any spells.
Your spell library was empty.

Dungeon Overview and Level Annotations

Branches:
Dungeon (1/1)

Altars:
Cheibriados
Dithmenos
Elyvilon
Fedhas
Gozag
Hepliaklqana
Kikubaaqudgha
Makhleb
Nemelex Xobeh
Okawaru
Qazlal
Ru
Sif Muna
Trog
Uskayaw
Vehumet
Wu Jian
Xom
Yredelemnul
Zin
The Shining One
Jiyva
Lugonu

Shops:
D (!([*[[(=([(!:(*[*[[:


Innate Abilities, Weirdness & Mutations

You have a pair of horns on your head.
You reflexively headbutt those who attack you in melee.
You sometimes lose your temper in combat.
Your body often deteriorates upon taking damage.
You are very dopey. (Int -4)
You are very frail. (-20% HP)
Your magical capacity is low. (-10% MP)
You occasionally shout uncontrollably at your foes.
You are very weak. (Str -4)
You occasionally lose the ability to drink potions when taking damage.


Message History

Unknown command.
A red film seems to cover your vision as you go berserk!
You feel yourself moving faster!
You feel mighty! Something hits you but does no damage. Something hits you.
* * * LOW HITPOINT WARNING * * *
Something closely misses you.
You feel a strong urge to attack something.
Something hits you but does no damage.
Something hits you but does no damage. x2
You miss something. Your headbutt misses something.
Something hits you but does no damage. x2
You slash something! Something hits you.
* * * LOW HITPOINT WARNING * * *
You block something's attack.
You miss something. Something barely misses you. Something closely misses you.
An unseen horror comes into view.
You feel a strong urge to attack something.
You are no longer berserk.
You are exhausted.
You feel yourself slow down. Something hits you but does no damage.
You slash something! Something hits you.
* * * LOW HITPOINT WARNING * * *
Something hits you but does no damage. Something hits you.
* * * LOW HITPOINT WARNING * * *
Your skin crawls.
You feel strong-willed. You block something's attack.
Unknown command.
Your deep troll goes berserk!
Something hits you!
* * * LOW HITPOINT WARNING * * *
You block something's attack.
Unknown command.
Unknown command.
Okay, then.
Something hits you.
* * * LOW HITPOINT WARNING * * *
Something hits you but does no damage. Something hits you!
You die...

##..§.#
###§#
$!##
##+####
#.##$$$#
#.....#
#.§###$#
#..°○○+
##§#A#$#
###..°#
#..###$#
'.#.○.#
#)##..$#
#.#..##
#..#+###
#.#..#
##...#
#.##'#
###@#
#§##.#
#T#
§§####
#.# #.#
#+# #.#
§)# ###


You could see a friendly deep troll (summoned, berserk).

Vanquished Creatures
  2 centaur warriors (D)
  Sonja (D)
  A deep troll (D)
  A lindwurm (D)
  An oklob plant (D)
  8 shining eyes (D)
  4 demonic crawlers (D)
  2 kobold demonologists (D)
  6 unseen horrors (D)
  A hornet (D)
  A slime creature (D)
  Sigmund (D)
  A yak (D)
  13 hogs (D)
  2 redbacks (D)
  6 floating eyes (D)
  An ogre (D)
  7 necrophages (D)
  8 jellies (D)
  Ijyb (D)
68 creatures vanquished.

Vanquished Creatures (collateral kills)
  A gargoyle (D)
1 creature vanquished.

Vanquished Creatures (others)
  2 ballistomycete spores (D)
2 creatures vanquished.

Grand Total: 71 creatures vanquished

Notes
Turn   | Place    | Note
-------+----------+-------------------------------------------
     0 | D        | Zeld the Minotaur Berserker began the quest for the Orb.
     0 | D        | Reached XP level 1. HP: 19/19 MP: 0/0
     1 | D        | Noticed Ijyb
    12 | D        | Killed Ijyb
    13 | D        | Reached skill level 5 in Axes
    13 | D        | Reached XP level 2. HP: 7/28 MP: 1/1
   329 | D        | Noticed an ogre
   336 | D        | Killed an ogre
   337 | D        | Reached skill level 7 in Axes
   337 | D        | Reached skill level 5 in Armour
   337 | D        | Reached XP level 3. HP: 21/37 MP: 2/2
   337 | D        | Reached XP level 4. HP: 25/44 MP: 3/3
   627 | D        | Noticed Sigmund
   637 | D        | Killed Sigmund
   637 | D        | Reached ** piety under Trog
   638 | D        | Reached skill level 10 in Axes
   638 | D        | Reached XP level 5. HP: 50/52 MP: 4/4
   638 | D        | Reached XP level 6. HP: 58/60 MP: 5/5
   829 | D        | Found a burning altar of Makhleb.
   829 | D        | Found a viscous altar of Jiyva.
   829 | D        | Found a shimmering altar of Xom.
   829 | D        | Found a corrupted altar of Lugonu.
   829 | D        | Noticed a slime creature
   836 | D        | Killed a slime creature
   837 | D        | Reached skill level 11 in Axes
  1118 | D        | Found an ornate altar of the Wu Jian Council.
  1118 | D        | Found a shimmering blue altar of Sif Muna.
  1120 | D        | Found a radiant altar of Vehumet.
  1156 | D        | Found Ozeskoath's Armour Emporium.
  1156 | D        | Found an ancient bone altar of Kikubaaqudgha.
  1156 | D        | Found a hazy altar of Hepliaklqana.
  1156 | D        | Found a hide-covered altar of Uskayaw.
  1156 | D        | Found a basalt altar of Yredelemnul.
  1156 | D        | Found an opulent altar of Gozag.
  1156 | D        | Found a snail-covered altar of Cheibriados.
  1156 | D        | Found a sacrificial altar of Ru.
  1156 | D        | Found a shadowy altar of Dithmenos.
  1156 | D        | Noticed a yak
  1160 | D        | Found a stormy altar of Qazlal.
  1160 | D        | Found a blossoming altar of Fedhas.
  1160 | D        | Found a bloodstained altar of Trog.
  1160 | D        | Found an iron altar of Okawaru.
  1160 | D        | Found a glowing golden altar of the Shining One.
  1160 | D        | Found a glowing silver altar of Zin.
  1160 | D        | Found a white marble altar of Elyvilon.
  1161 | D        | Killed a yak
  1162 | D        | Reached skill level 12 in Axes
  1162 | D        | Reached XP level 7. HP: 70/70 MP: 6/6
  1163 | D        | Found a sparkling altar of Nemelex Xobeh.
  1232 | D        | Bought a +2 hat for 192 gold pieces
  1243 | D        | Noticed Sonja
  1247 | D        | Killed Sonja
  1247 | D        | Reached *** piety under Trog
  1248 | D        | Reached skill level 10 in Fighting
  1248 | D        | Reached skill level 13 in Axes
  1248 | D        | Reached skill level 10 in Armour
  1248 | D        | Reached XP level 8. HP: 64/80 MP: 7/7
  1652 | D        | Found Xetyn's Antique Weapon Boutique.
  1672 | D        | Noticed a deep troll
  1681 | D        | Killed a deep troll
  1682 | D        | Reached skill level 15 in Axes
  1898 | D        | Found Ocuref's Armour Emporium.
  1963 | D        | Bought a +0 pair of gloves for 58 gold pieces
  1996 | D        | Bought a +0 pair of boots for 54 gold pieces
  2027 | D        | Noticed a kobold demonologist
  2027 | D        | Noticed a kobold demonologist
  2031 | D        | Killed a kobold demonologist
  2032 | D        | Reached skill level 10 in Dodging
  2032 | D        | Reached **** piety under Trog
  2033 | D        | Reached XP level 9. HP: 89/89 MP: 8/8
  2034 | D        | Killed a kobold demonologist
  2035 | D        | Reached skill level 16 in Axes
  2170 | D        | Noticed a demonic crawler
  2170 | D        | Noticed a demonic crawler
  2170 | D        | Noticed a demonic crawler
  2170 | D        | Noticed a demonic crawler
  2180 | D        | Killed a demonic crawler
  2184 | D        | Killed a demonic crawler
  2193 | D        | Killed a demonic crawler
  2193 | D        | Reached ***** piety under Trog
  2197 | D        | Killed a demonic crawler
  2198 | D        | Reached skill level 17 in Axes
  2198 | D        | Noticed a gargoyle
  2206 | D        | Killed a gargoyle
  2477 | D        | Noticed a lindwurm
  2487 | D        | Killed a lindwurm
  2488 | D        | Reached XP level 10. HP: 78/101 MP: 9/9
  2614 | D        | Reached skill level 18 in Axes
  2667 | D        | Reached ****** piety under Trog
  2679 | D        | Reached skill level 19 in Axes
  2833 | D        | Noticed a centaur warrior
  2833 | D        | Noticed a centaur warrior
  2837 | D        | Killed a centaur warrior
  2845 | D        | Killed a centaur warrior
  3057 | D        | Noticed an oklob plant
  3070 | D        | Killed an oklob plant
  3071 | D        | Reached skill level 20 in Axes
  3134 | D        | Reached XP level 11. HP: 85/111 MP: 10/10
  3284 | D        | Paralysed by a floating eye for 2 turns
  3287 | D        | Received a gift from Trog
  3554 | D        | Received a gift from Trog
  3555 | D        | Reached skill level 15 in Fighting
  3581 | D        | Reached skill level 15 in Armour
  3587 | D        | Received a gift from Trog
  3881 | D        | Found Kaox's Weapon Shoppe.
  3881 | D        | Found Ceurph's Antique Armour Shop.
  3881 | D        | Found Riov Omi's Jewellery Boutique.
  3883 | D        | Found Ikhar's Weapon Emporium.
  3883 | D        | Found Danwago's Antique Armour Shop.
  3883 | D        | Found Miopoul's Antique Weapon Shoppe.
  3883 | D        | Found Omypnu's Distillery.
  3883 | D        | Found Bekys Kakat's Book Emporium.
  3883 | D        | Found Wehed's Antique Weapon Shop.
  3883 | D        | Found Keishie's General Store.
  3887 | D        | Bought an amulet of reflection for 330 gold pieces
  3892 | D        | Found Luhuyfre's Armour Boutique.
  3893 | D        | Found Ceupt's Antique Armour Emporium.
  3893 | D        | Found Okocheco's Assorted Antiques.
  3894 | D        | Found Owynis's Book Emporium.
  3896 | D        | Bought a potion of curing for 39 gold pieces
  3896 | D        | Bought a potion of haste for 130 gold pieces
  3896 | D        | Bought a potion of curing for 39 gold pieces
  3896 | D        | Bought a potion of heal wounds for 65 gold pieces
  3896 | D        | Bought a potion of flight for 39 gold pieces
  3896 | D        | Bought a potion of cancellation for 104 gold pieces
  3899 | D        | Bought a potion of curing for 42 gold pieces
  3899 | D        | Bought 2 potions of curing for 84 gold pieces
  3902 | D        | Bought a sedimented green potion for 21 gold pieces
  4094 | D        | Noticed a shining eye
  4094 | D        | Noticed a shining eye
  4094 | D        | Noticed a shining eye
  4094 | D        | Noticed a shining eye
  4094 | D        | Noticed a shining eye
  4094 | D        | Noticed a shining eye
  4096 | D        | Paralysed by a floating eye for 2 turns
  4096 | D        | Gained mutation: Your body sometimes deteriorates upon
                  | taking damage. [a shining eye]
  4098 | D        | Gained mutation: You are frail. (-10% HP) [a shining eye]
  4099 | D        | Killed a shining eye
  4099 | D        | Gained mutation: You are weak. (Str -2) [a shining eye]
  4103 | D        | Killed a shining eye
  4104 | D        | Reached skill level 21 in Axes
  4104 | D        | Killed a shining eye
  4104 | D        | Received a gift from Trog
  4105 | D        | Gained mutation: You are very weak. (Str -4) [a shining
                  | eye]
  4106 | D        | Killed a shining eye
  4107 | D        | Killed a shining eye
  4108 | D        | Killed a shining eye
  4209 | D        | Noticed a shining eye
  4209 | D        | Noticed a shining eye
  4209 | D        | Gained mutation: You occasionally lose the ability to drink
                  | potions when taking damage. [a shining eye]
  4211 | D        | Gained mutation: You are dopey. (Int -2) [a shining eye]
  4211 | D        | Lost intelligence.
  4211 | D        | Gained mutation: You are very dopey. (Int -4) [a shining
                  | eye]
  4212 | D        | Gained mutation: Your body often deteriorates upon taking
                  | damage. [a shining eye]
  4213 | D        | Gained mutation: Your magical capacity is low. (-10% MP) [a
                  | shining eye]
  4213 | D        | Gained mutation: You occasionally shout uncontrollably at
                  | your foes. [a shining eye]
  4215 | D        | Gained mutation: You are very frail. (-20% HP) [a shining
                  | eye]
  4216 | D        | Killed a shining eye
  4217 | D        | Gained mutation: You sometimes lose your temper in combat.
                  | [a shining eye]
  4220 | D        | Killed a shining eye
  4521 | D        | Found Pucaabes's Distillery.
  4521 | D        | Found Ruinn's Assorted Antiques.
  4521 | D        | Found Veotoi's Weapon Emporium.
  4521 | D        | Found Oppog's Antique Armour Boutique.
  4527 | D        | Bought a potion of heal wounds for 50 gold pieces
  4538 | D        | Bought a brown potion for 18 gold pieces
  4692 | D        | Noticed a daeva
  4703 | D        | Received a gift from Trog
  4704 | D        | Reached skill level 22 in Axes
  4723 | D        | Slain by an unseen horror

Illustrated notes

Levels and vault maps discovered:
D:        dungeon_sprint_1 [red_sonja_temple_1, red_sonja_temple_small_1]

Skill      XL: |  1  2  3  4  5  6  7  8  9 10 11 |
---------------+----------------------------------+-----
Fighting       | 4 6 7 9 10 11 13 14 16 | 16.4
Axes           | 5 7 10 12 13 15 17 20 22 | 22.1
Armour         | 3 5 7 8 10 11 12 14 16 | 16.2
Dodging        | 3 4 6 8 9 10 11 13 14 | 14.9

Action                   |  1- 3 |  4- 6 |  7- 9 | 10-12 || total
-------------------------+-------+-------+-------+-------++-------
Melee: Hand axe          |    13 |    12 |    49 |   182 ||   256
       Headbutt          |     1 |     4 |    15 |    37 ||    57
       Punch             |       |       |       |     2 ||     2
       Executioner's axe |       |       |       |    29 ||    29
Invok: Berserk           |     2 |     3 |     5 |     5 ||    15
       Brothers in Arms  |       |       |     1 |     1 ||     2
       Trog's Hand       |       |       |       |     2 ||     2
Armor: Animal skin       |     1 |     2 |       |       ||     3
       Troll leather arm |       |       |    12 |    76 ||    88
Dodge: Dodged            |     6 |     4 |    30 |    98 ||   138
Block: Other             |       |       |       |     9 ||     9
